[Event "Landsturneringen 2023"]
[Site "Vallhall, Oslo"]
[Date "2023.07.06"]
[Round "7"]
[White "Stolp, Aleksander"]
[Black "Kreken, Eivind Grunt"]
[Result "1/2-1/2"]
[WhiteElo "1846"]
[BlackElo "2101"]
[TimeControl "40/5400+30:1800+30"]
[BlackFideId "1532359"]
[WhiteFideId "1541501"]

1. d4 Nf6 2. Bf4 d5 3. Nf3 c5 4. e3 Nc6 5. Nbd2 Nh5 6. dxc5 Nxf4 7. exf4 g6
8. c3 Bh6 9. g3 O-O 10. Bg2 b6 11. O-O bxc5 12. Nb3 Qd6 13. Ne5 Nxe5 14.
fxe5 Qxe5 15. Qxd5 Qxd5 16. Bxd5 Rb8 17. Rfe1 Bg5 18. Rab1 Bf5 19. Be4 Be6
20. Nxc5 Bxa2 21. Nd7 Bxb1 22. Rxb1 Bf6 1/2-1/2

[Event "Landsturneringen 2023"]
[Site "Vallhall, Oslo"]
[Date "2023.07.06"]
[Round "7"]
[White "Wernberg, Nikolai Olsen"]
[Black "Morad, Hassen M"]
[Result "1-0"]
[WhiteElo "1685"]
[BlackElo "1862"]
[TimeControl "40/5400+30:1800+30"]
[BlackFideId "1555642"]
[WhiteFideId "1542770"]

1. Nf3 g6 2. g3 Bg7 3. d4 Nf6 4. Bg2 O-O 5. O-O d6 6. c4 Nc6 7. Nc3 e5 8.
d5 Nb8 9. e4 a5 10. h3 Na6 11. Be3 Nc5 12. Bxc5 dxc5 13. Re1 Ne8 14. a3 Nd6
15. Nd2 f5 16. Rb1 f4 17. Qe2 a4 18. Kh2 Bd7 19. b4 axb3 20. Rxb3 b6 21.
Nb5 Nxb5 22. cxb5 Qe8 23. Reb1 Rf6 24. Nc4 Bf8 25. Qb2 Bd6 26. g4 g5 27.
Bf3 Qe7 28. Ra1 Ra4 29. Rc3 Rf8 30. Bd1 Ra7 31. a4 Rfa8 32. Rca3 Qe8 33.
Be2 h6 34. Qc3 Rb7 35. Rb3 Rba7 36. a5 bxa5 37. b6 Rb7 38. bxc7 Rxb3 39.
Qxb3 Bxc7 40. d6 Rb8 41. Qa2 Bd8 42. Nxe5+ Kg7 43. Nxd7 Qxd7 44. e5 Rb4 45.
Qd5 Rd4 46. Qxc5 Rd2 47. Qc3 Rd5 48. e6+ Bf6 49. exd7 Rxd6 50. Qc7 Be5 51.
d8=Q+ 1-0

[Event "Landsturneringen 2023"]
[Site "Vallhall, Oslo"]
[Date "2023.07.06"]
[Round "7"]
[White "Skaar, Ben Samuel Groth"]
[Black "Ytrestøyl, Sindre Lyngsaunet"]
[Result "1/2-1/2"]
[WhiteElo "2161"]
[BlackElo "2061"]
[TimeControl "40/5400+30:1800+30"]
[BlackFideId "1547356"]
[WhiteFideId "1552660"]

1. e4 c6 2. Nc3 d5 3. Qf3 e6 4. d4 Nf6 5. e5 Nfd7 6. Nh3 Be7 7. Nf4 c5 8.
Qg3 O-O 9. Nh5 g6 10. Bh6 cxd4 11. Bxf8 Kxf8 12. Ne2 Qa5+ 13. Kd1 gxh5 14.
Nxd4 Nc6 15. Nxc6 bxc6 16. Bd3 Qb4 17. Bxh7 Qg4+ 18. Qxg4 hxg4 19. Re1 Rb8
20. Rb1 Ba6 21. Bd3 Bxd3 22. cxd3 Bc5 23. f4 Ke7 24. Kc2 Rh8 25. Rh1 Be3
26. Rbf1 Bd4 27. Re1 Nf8 28. b4 Ng6 29. g3 Kd7 30. Rb1 Kc7 31. Kb3 Ne7 32.
a4 Nf5 33. Rbc1 Kb7 34. b5 c5 35. a5 Be3 36. Rcd1 Nd4+ 37. Ka4 Nf3 38. Rb1
Rh3 39. Ra1 Nxh2 40. f5 Nf3 41. fxe6 fxe6 42. Raf1 Ng5 43. Rxh3 gxh3 44.
Rf8 Bd4 45. Rg8 h2 46. a6+ Kc7 47. Rg7+ Kb8 48. Rg8+ Kc7 49. Rg7+ Kd8 50.
Rg8+ Ke7 51. Rh8 Bxe5 52. Rxh2 Bc7 53. Rh8 Kd7 54. Ra8 Bb6 55. Rb8 Kc7 56.
Rb7+ Kc8 57. Rg7 Nf3 58. Rg8+ Kc7 59. Rg7+ Kc8 60. Rg8+ 1/2-1/2

[Event "Landsturneringen 2023"]
[Site "Vallhall, Oslo"]
[Date "2023.07.06"]
[Round "7"]
[White "Sandstad, Linus"]
[Black "Hestholm, Gustav"]
[Result "1/2-1/2"]
[WhiteElo "1919"]
[BlackElo "1944"]
[TimeControl "40/5400+30:1800+30"]
[BlackFideId "1529153"]
[WhiteFideId "1552376"]

1. d4 Nf6 2. c4 e6 3. g3 d5 4. Bg2 dxc4 5. Nf3 Bb4+ 6. Nbd2 b5 7. O-O Bb7
8. Nxc4 c5 9. Nce5 cxd4 10. Qxd4 Qxd4 11. Nxd4 Bxg2 12. Kxg2 a6 13. Nd3 Be7
14. Bd2 Nbd7 15. a4 bxa4 16. Rxa4 Ne4 17. Nf3 Nxd2 18. Nxd2 Nb6 19. Ra5 Nd5
20. Nc4 O-O 21. Rfa1 Nc7 22. Nce5 Rfc8 23. Nd7 Rd8 24. N7c5 Rd5 25. b4 g5
26. Kf1 Rb8 27. Nxa6 Rxa5 28. Rxa5 Nxa6 29. Rxa6 Bxb4 30. Nxb4 Rxb4 31. Ra5
1/2-1/2

[Event "Landsturneringen 2023"]
[Site "Vallhall, Oslo"]
[Date "2023.07.06"]
[Round "7"]
[White "Jahr, Even"]
[Black "Amundsen, Ask"]
[Result "0-1"]
[WhiteElo "1526"]
[BlackElo "1918"]
[TimeControl "40/5400+30:1800+30"]
[BlackFideId "1528726"]
[WhiteFideId "1574540"]

1. e4 c5 2. d4 cxd4 3. c3 d3 4. Bxd3 Nc6 5. Nf3 d6 6. h3 g6 7. c4 Bg7 8.
Nc3 Nf6 9. Be3 O-O 10. Rc1 Be6 11. b3 a6 12. Bb1 b5 13. cxb5 axb5 14. O-O
Qa5 15. Qe2 Nb4 16. Nd4 Bd7 17. f4 Rab8 18. f5 Nh5 19. Qf2 Rbc8 20. Nce2
Rxc1 21. Nxc1 Nc6 22. Nf3 Ne5 23. Nh2 Bc6 24. Ne2 Qa8 25. Nd4 Bxe4 26. Bxe4
Qxe4 27. Nxb5 d5 28. Nd4 Rc8 29. Nhf3 Nd3 30. Qd2 Ng3 31. Rd1 Nc5 32. Re1
Nxf5 33. Nxf5 Qxf5 34. Qa5 Nd3 35. Rd1 Qe4 36. Qb6 e5 37. Bg5 d4 38. Qa6
Rc3 39. Rxd3 h6 40. Rxc3 dxc3 41. Qc8+ Kh7 42. Qxc3 Qb1+ 43. Qc1 Qxa2 44.
Bd2 e4 45. Ne1 Qxb3 46. Nc2 f5 47. Be3 Qc4 48. Qd2 Qb5 49. Bd4 Qb1+ 50. Kh2
Qb8+ 51. Kg1 Qd6 52. Qc3 Bf8 53. Be5 Qb6+ 54. Kh1 Bc5 55. Bd4 0-1

[Event "Landsturneringen 2023"]
[Site "Vallhall, Oslo"]
[Date "2023.07.06"]
[Round "7"]
[White "Engedal, Jo Frønsdal"]
[Black "Morad, Haider M"]
[Result "1-0"]
[WhiteElo "1717"]
[BlackElo "1859"]
[TimeControl "40/5400+30:1800+30"]
[BlackFideId "1555634"]
[WhiteFideId "1532332"]

1. e4 e6 2. Nf3 d5 3. exd5 exd5 4. d4 Nf6 5. Bd3 Bg4 6. Bf4 Bd6 7. Bxd6
Qxd6 8. Nbd2 O-O 9. O-O Re8 10. c3 Nbd7 11. Qb3 b6 12. Rfe1 Bh5 13. Qc2 Bg6
14. Bxg6 hxg6 15. Rad1 c6 16. b3 a5 17. c4 Rac8 18. h3 c5 19. dxc5 Rxe1+
20. Rxe1 Qxc5 21. Qd3 dxc4 22. Nxc4 a4 23. Nfe5 Qb4 24. Rd1 Nc5 25. Qd6
axb3 26. axb3 Qxb3 27. Nxb6 Nce4 28. Qd4 Rc2 29. Qd8+ Kh7 30. Nbd7 Rxf2 31.
Nf8+ Kh6 32. Ng4+ Kh5 33. Nxf2 Nxf2 34. Kxf2 Ne4+ 35. Kf1 Ng3+ 36. Kg1 Qe3+
37. Kh2 Qf4 38. Qd5+ Kh6 39. Qf3 Qxf3 40. gxf3 Nf5 41. Nd7 f6 42. Nc5 g5
43. Ne4 Kg6 44. Ng3 Nh4 45. Rd3 Kf7 46. Kg1 f5 47. Kf2 g6 48. Ra3 Kg7 49.
Ra7+ Kf6 50. Nf1 Ke6 51. Ne3 Kf6 52. Ng2 Nxf3 53. Kxf3 g4+ 54. hxg4 g5 55.
gxf5 Kxf5 56. Ra5+ Kg6 57. Kg4 1-0

[Event "Landsturneringen 2023"]
[Site "Vallhall, Oslo"]
[Date "2023.07.06"]
[Round "7"]
[White "Hansen, Thobias Gotaas"]
[Black "Sveggen, Amadeus S."]
[Result "1-0"]
[WhiteElo "1689"]
[BlackElo "1517"]
[TimeControl "40/5400+30:1800+30"]
[BlackFideId "1567853"]
[WhiteFideId "1548530"]

1. e4 d5 2. exd5 Qxd5 3. Nf3 Nc6 4. d4 Bg4 5. Be2 O-O-O 6. Be3 e6 7. Nbd2
Nf6 8. a3 Qd7 9. c4 h6 10. b4 Bf5 11. b5 Na5 12. Qa4 b6 13. Ne5 Qe8 14. Bf3
Rd6 15. c5 Rd5 16. Nc6 Nxc6 17. bxc6 a5 18. Qc4 Qxc6 19. Bxd5 Nxd5 20. cxb6
Qxb6 21. O-O Bd6 22. Rfc1 Kd8 23. Qc6 Ke7 24. Qxb6 cxb6 25. Nc4 Nxe3 26.
Nxd6 Kxd6 27. fxe3 Rb8 28. Rc3 Be4 29. Kf2 Rb7 30. Ra2 b5 31. Rb2 Bc6 32.
Rc5 Kc7 33. Rbc2 Rb6 34. e4 Kd6 35. Ke3 Ra6 36. d5 exd5 37. exd5 Bd7 38.
Kd4 f6 39. Rc7 g6 40. Rb7 a4 41. Rcc7 1-0

[Event "Landsturneringen 2023"]
[Site "Vallhall, Oslo"]
[Date "2023.07.06"]
[Round "7"]
[White "Langvik, Ulrikke"]
[Black "Engvik, Kim Andre"]
[Result "0-1"]
[WhiteElo "1698"]
[BlackElo "1560"]
[TimeControl "40/5400+30:1800+30"]
[BlackFideId "1566938"]
[WhiteFideId "1517910"]

1. d4 Nf6 2. Nf3 g6 3. Nc3 d5 4. Bf4 Bg7 5. Qd2 c5 6. dxc5 Qa5 7. e3 Bg4 8.
Bb5+ Bd7 9. Bxd7+ Nbxd7 10. O-O Qxc5 11. Rad1 Nb6 12. Nd4 Nc4 13. Qc1 e5
14. Nb3 Qc6 15. Bg3 Rc8 16. f4 exf4 17. Nd4 Qb6 18. exf4 O-O 19. b3 Nd6 20.
Na4 Qa6 21. f5 Nde4 22. fxg6 hxg6 23. Be5 Rfe8 24. Bf4 Nh5 25. Bh6 Bxd4+
26. Rxd4 b5 27. Nb2 Nc3 28. a4 Ne2+ 29. Kh1 Nxc1 30. g4 Ne2 31. Rd3 Nhf4
32. Rdf3 Rxc2 33. Nd3 Nxd3 34. Rxf7 Qe6 35. h3 Ng3+ 0-1

[Event "Landsturneringen 2023"]
[Site "Vallhall, Oslo"]
[Date "2023.07.07"]
[Round "8"]
[White "Kreken, Eivind Grunt"]
[Black "Hansen, Thobias Gotaas"]
[Result "1-0"]
[WhiteElo "2101"]
[BlackElo "1689"]
[TimeControl "40/5400+30:1800+30"]
[BlackFideId "1548530"]
[WhiteFideId "1532359"]

1. d4 Nf6 2. c4 e6 3. Nc3 d5 4. Bg5 Be7 5. e3 h6 6. Bh4 O-O 7. Nf3 a6 8.
cxd5 exd5 9. Bd3 Re8 10. Qc2 c6 11. O-O Ne4 12. Bxe4 Bxh4 13. Bh7+ Kh8 14.
Nxh4 Qxh4 15. Bd3 Nd7 16. Rae1 Nf6 17. f3 Bd7 18. b4 Re7 19. a4 Rae8 20.
Nd1 Rc8 21. Qf2 Qxf2+ 22. Kxf2 Ne8 23. Nc3 Be6 24. Rc1 Nd6 25. Rfe1 f5 26.
h4 Kg8 27. Ne2 Kf8 28. Nf4 Bf7 29. Rc5 Ke8 30. Rec1 Rec7 31. b5 axb5 32.
axb5 Kd8 33. bxc6 Rxc6 34. Rxc6 bxc6 35. Rc5 Kd7 36. Bc2 Ra8 37. Nd3 Ra6
38. Ne5+ Ke6 39. Nxc6 Ne4+ 40. fxe4 1-0

[Event "Landsturneringen 2023"]
[Site "Vallhall, Oslo"]
[Date "2023.07.07"]
[Round "8"]
[White "Stolp, Aleksander"]
[Black "Wernberg, Nikolai Olsen"]
[Result "1-0"]
[WhiteElo "1846"]
[BlackElo "1685"]
[TimeControl "40/5400+30:1800+30"]
[BlackFideId "1542770"]
[WhiteFideId "1541501"]

1. e4 c5 2. Nf3 e6 3. d4 cxd4 4. Nxd4 a6 5. c4 Nf6 6. Nc3 Bb4 7. Qd3 d5 8.
exd5 exd5 9. Be2 O-O 10. O-O Nc6 11. Nxc6 bxc6 12. cxd5 Nxd5 13. Nxd5 cxd5
14. Be3 Be6 15. Bd4 Qe7 16. Bf3 Rfd8 17. Rac1 a5 18. a3 Bd6 19. Rfe1 Bf4
20. Rcd1 Qc7 21. g3 Bh6 22. b4 g6 23. b5 a4 24. b6 Qc6 25. Be2 Bc8 26. Qb5
Bb7 27. Qxc6 Bxc6 28. Be5 Rd7 29. f4 Rb7 30. Rc1 Be8 31. Bf3 Rxb6 32. Bxd5
Rab8 33. Bxb8 Rxb8 34. Rc7 Kf8 35. Ree7 Rd8 36. Bxf7 Bxf7 37. Rxf7+ Kg8 38.
Rxh7 Bf8 39. Rhd7 Rb8 40. Rd3 Rb1+ 41. Kg2 Ra1 42. Rd8 1-0

[Event "Landsturneringen 2023"]
[Site "Vallhall, Oslo"]
[Date "2023.07.07"]
[Round "8"]
[White "Hestholm, Gustav"]
[Black "Skaar, Ben Samuel Groth"]
[Result "0-1"]
[WhiteElo "1944"]
[BlackElo "2161"]
[TimeControl "40/5400+30:1800+30"]
[BlackFideId "1552660"]
[WhiteFideId "1529153"]

1. e4 c5 2. Nf3 Nc6 3. Bb5 g6 4. Bxc6 dxc6 5. d3 Bg7 6. h3 Qc7 7. O-O e5 8.
a4 Ne7 9. a5 Rb8 10. Nbd2 O-O 11. Nc4 Be6 12. Ng5 Bxc4 13. dxc4 Rbd8 14.
Qe2 Nc8 15. Be3 b6 16. Bd2 Nd6 17. axb6 axb6 18. Bc3 Qe7 19. Nf3 Ra8 20.
Nd2 Nb7 21. g3 Rfb8 22. Qe3 Nd8 23. f4 exf4 24. gxf4 Bxc3 25. bxc3 Rxa1 26.
Rxa1 Ne6 27. f5 Nf8 28. Qf4 Rd8 29. Nf3 Qf6 30. Qe5 Rd6 31. Ra8 gxf5 32.
exf5 Qxe5 33. Nxe5 Kg7 34. Rb8 Nd7 35. Nxd7 Rxd7 36. Rxb6 Rd6 37. Ra6 Kf6
38. Ra7 Rd1+ 39. Kf2 Rd2+ 40. Ke3 Rxc2 41. Kd3 Rh2 42. Rc7 Rxh3+ 43. Ke4
Rh4+ 44. Kd3 Kxf5 45. Rxf7+ Ke6 46. Rc7 Kd6 47. Rf7 Rh3+ 48. Ke4 h5 49. Rh7
h4 50. Kf5 Rf3+ 51. Kg5 h3 52. Rh6+ Kc7 53. Rh4 Kb6 54. Kg4 Rxc3 55. Kf5
Ka5 56. Ke5 Rd3 57. Rh6 Kb4 58. Rxc6 Kxc4 59. Ke4 Rd4+ 60. Ke3 Rh4 61. Ra6
Kb5 62. Ra1 h2 63. Rh1 Kb4 64. Kd3 c4+ 65. Kc2 c3 66. Kd3 Kb3 67. Rb1+ Ka2
68. Rh1 Kb2 69. Ke3 c2 70. Kd2 c1=Q+ 71. Rxc1 Rd4+ 72. Ke3 Kxc1 73. Ke2
h1=Q 74. Kf2 Kd2 75. Kg3 Qg2+ 76. Kxg2 Rd3 77. Kf2 Re3 78. Kg2 Ke2 79. Kh1
Kf2 80. Kh2 Rg3 81. Kh1 0-1

[Event "Landsturneringen 2023"]
[Site "Vallhall, Oslo"]
[Date "2023.07.07"]
[Round "8"]
[White "Ytrestøyl, Sindre Lyngsaunet"]
[Black "Jahr, Even"]
[Result "1-0"]
[WhiteElo "2061"]
[BlackElo "1526"]
[TimeControl "40/5400+30:1800+30"]
[BlackFideId "1574540"]
[WhiteFideId "1547356"]

1. e4 e5 2. Nf3 Nc6 3. Nc3 Nf6 4. d4 exd4 5. Nxd4 d6 6. Be2 Be7 7. Be3 O-O
8. O-O Nxd4 9. Bxd4 c6 10. f4 b5 11. e5 dxe5 12. fxe5 Nd7 13. Bf3 b4 14.
Bxc6 bxc3 15. Bxa8 Ba6 16. Bxc3 Bc5+ 17. Rf2 Qh4 18. g3 Bxf2+ 19. Kxf2
Qxh2+ 20. Bg2 Nc5 21. Qg4 Bb7 22. Qh3 Ne4+ 23. Ke3 Qxh3 24. Bxh3 Nxc3 25.
bxc3 Bd5 26. Bf1 f6 27. c4 Bc6 28. exf6 Rxf6 29. Be2 Re6+ 30. Kd2 Kf7 31.
Bd3 h6 32. Rf1+ Ke7 33. Bh7 Be4 34. Bg8 Rd6+ 35. Kc3 Bg6 36. Bd5 Ra6 37. c5
Be8 38. Re1+ Kd8 39. Rb1 Ra3+ 40. Kd4 Bd7 41. Rb8+ Kc7 42. Rb7+ Kc8 43. c6
Bf5 44. Rxg7 Bxc2 45. Be6+ 1-0

[Event "Landsturneringen 2023"]
[Site "Vallhall, Oslo"]
[Date "2023.07.07"]
[Round "8"]
[White "Engvik, Kim Andre"]
[Black "Sandstad, Linus"]
[Result "0-1"]
[WhiteElo "1560"]
[BlackElo "1919"]
[TimeControl "40/5400+30:1800+30"]
[BlackFideId "1552376"]
[WhiteFideId "1566938"]

1. e4 c6 2. Nf3 d5 3. Nc3 Bg4 4. exd5 cxd5 5. d4 e6 6. Be2 Nc6 7. Be3 Nge7
8. Ne5 Bxe2 9. Nxc6 bxc6 10. Nxe2 Nf5 11. Bf4 Qb6 12. Rb1 Qa5+ 13. Qd2 Qxa2
14. O-O Qa6 15. b4 Bd6 16. Nc3 Bxf4 17. Qxf4 Qc4 18. Na4 Qxd4 19. Qc7 O-O
20. c3 Qg4 21. Qxc6 Nh4 22. g3 Rac8 23. Qa6 Nf3+ 24. Kg2 Rc4 25. Nc5 Nh4+
26. Kg1 Qf3 0-1

[Event "Landsturneringen 2023"]
[Site "Vallhall, Oslo"]
[Date "2023.07.07"]
[Round "8"]
[White "Sveggen, Amadeus S."]
[Black "Morad, Hassen M"]
[Result "0-1"]
[WhiteElo "1517"]
[BlackElo "1862"]
[TimeControl "40/5400+30:1800+30"]
[BlackFideId "1555642"]
[WhiteFideId "1567853"]

1. d4 g6 2. c4 Nf6 3. Nf3 Bg7 4. g3 O-O 5. Bg2 d6 6. O-O Nc6 7. Nc3 e5 8.
d5 Nb8 9. e4 a5 10. Be3 Na6 11. a3 Ng4 12. Rb1 f5 13. Bg5 Qe8 14. h3 Nf6
15. Nd2 h6 16. Bxf6 Bxf6 17. Ne2 Bg7 18. f4 Nc5 19. Kh2 a4 20. Qc2 Bd7 21.
Rbe1 Qc8 22. Nc3 exf4 23. gxf4 fxe4 24. Ndxe4 Bf5 25. Qd1 Nxe4 26. Bxe4
Bxh3 27. Rg1 Bf5 28. Qe2 Kh7 29. Rg2 Rf7 30. Bxf5 Qxf5 31. Qe4 Qxf4+ 32.
Qxf4 Rxf4 33. Re6 Be5 34. Kh3 g5 35. Re7+ Kg6 36. Rxc7 0-1

[Event "Landsturneringen 2023"]
[Site "Vallhall, Oslo"]
[Date "2023.07.07"]
[Round "8"]
[White "Amundsen, Ask"]
[Black "Engedal, Jo Frønsdal"]
[Result "1/2-1/2"]
[WhiteElo "1918"]
[BlackElo "1717"]
[TimeControl "40/5400+30:1800+30"]
[BlackFideId "1532332"]
[WhiteFideId "1528726"]

1. e4 c5 2. Nf3 d6 3. d4 cxd4 4. Nxd4 Nf6 5. Nc3 g6 6. Be3 Bg7 7. f3 O-O 8.
Qd2 Nc6 9. O-O-O Nxd4 10. Bxd4 Be6 11. g4 Qa5 12. Kb1 Rfc8 13. h4 b5 14. b3
b4 15. Ne2 Rc6 16. h5 Rac8 17. Rc1 Ra6 18. a4 bxa3 19. Qxa5 Rxa5 20. hxg6
fxg6 21. Nf4 Bxb3 22. cxb3 a2+ 23. Kb2 Rxc1 24. Kxc1 a1=Q+ 25. Bxa1 Rxa1+
26. Kc2 Kf8 27. Ne6+ Kf7 28. Ng5+ Kf8 29. Ne6+ Kf7 30. Ng5+ Kf8 31. Ne6+
1/2-1/2

[Event "Landsturneringen 2023"]
[Site "Vallhall, Oslo"]
[Date "2023.07.07"]
[Round "8"]
[White "Morad, Haider M"]
[Black "Langvik, Ulrikke"]
[Result "1-0"]
[WhiteElo "1859"]
[BlackElo "1698"]
[TimeControl "40/5400+30:1800+30"]
[BlackFideId "1517910"]
[WhiteFideId "1555634"]

1. e4 e6 2. d4 d5 3. exd5 exd5 4. Bd3 Bd6 5. Be3 Nf6 6. h3 O-O 7. Nf3 Ne4
8. c4 Bb4+ 9. Nbd2 Nxd2 10. Nxd2 dxc4 11. Bxc4 Nc6 12. a3 Ba5 13. b4 Bb6
14. Nf3 Bf5 15. O-O Be4 16. Nd2 Bd5 17. Qg4 f5 18. Qf3 Bxc4 19. Nxc4 f4 20.
Bc1 Bxd4 21. Rd1 Qf6 22. Ra2 Qe6 23. Rc2 Rad8 24. Kh1 b5 25. Nd2 Ne5 26.
Qe4 c6 27. Nf3 Qd6 28. Rxd4 Nxf3 29. Rxd6 Rxd6 30. Qxf3 1-0

[Event "Landsturneringen 2023"]
[Site "Vallhall, Oslo"]
[Date "2023.07.08"]
[Round "9"]
[White "Morad, Hassen M"]
[Black "Kreken, Eivind Grunt"]
[Result "1/2-1/2"]
[WhiteElo "1862"]
[BlackElo "2101"]
[TimeControl "40/5400+30:1800+30"]
[BlackFideId "1532359"]
[WhiteFideId "1555642"]

1. e4 e5 2. Nf3 Nc6 3. c3 Nf6 4. d4 exd4 5. e5 Nd5 6. cxd4 Bb4+ 7. Bd2
Bxd2+ 8. Qxd2 d6 9. Bb5 O-O 10. O-O Bg4 11. Bxc6 1/2-1/2

[Event "Landsturneringen 2023"]
[Site "Vallhall, Oslo"]
[Date "2023.07.08"]
[Round "9"]
[White "Skaar, Ben Samuel Groth"]
[Black "Sandstad, Linus"]
[Result "1/2-1/2"]
[WhiteElo "2161"]
[BlackElo "1919"]
[TimeControl "40/5400+30:1800+30"]
[BlackFideId "1552376"]
[WhiteFideId "1552660"]

1. Nf3 d5 2. e3 Nf6 3. c4 e6 4. Nc3 Be7 5. d4 O-O 6. Bd3 dxc4 7. Bxc4 a6 8.
O-O c5 9. Bd3 Nc6 10. dxc5 Bxc5 11. a3 Bd6 12. b4 Ne5 13. Nxe5 Bxe5 14. Bb2
b6 15. Rc1 Bb7 16. Be2 Nd5 17. Na4 Bxb2 18. Nxb2 Qg5 19. Bf3 Rad8 20. Qb3
Qe7 21. Nc4 Nf6 22. Ne5 Ne4 23. Bxe4 Bxe4 24. Qc4 Bxg2 25. Kxg2 Qg5+ 26.
Ng4 h5 27. h3 hxg4 28. hxg4 e5 29. Rh1 b5 30. Qe4 f5 31. Qxe5 Qxg4+ 32. Qg3
Qe4+ 33. Qf3 Rd3 34. Qxe4 fxe4 35. a4 bxa4 36. Ra1 a3 37. Ra2 1/2-1/2

[Event "Landsturneringen 2023"]
[Site "Vallhall, Oslo"]
[Date "2023.07.08"]
[Round "9"]
[White "Ytrestøyl, Sindre Lyngsaunet"]
[Black "Stolp, Aleksander"]
[Result "1/2-1/2"]
[WhiteElo "2061"]
[BlackElo "1846"]
[TimeControl "40/5400+30:1800+30"]
[BlackFideId "1541501"]
[WhiteFideId "1547356"]

1. d4 Nf6 2. Nf3 d5 3. c4 e6 4. Nc3 c5 5. cxd5 Nxd5 6. e4 Nxc3 7. bxc3 cxd4
8. cxd4 Bb4+ 9. Bd2 Bxd2+ 10. Qxd2 O-O 11. Be2 b6 12. O-O Bb7 13. Qe3 Nd7
14. Nd2 Rc8 15. Nb3 Nf6 16. f3 Qe7 17. a4 Rc7 18. Qd2 Rfc8 19. Bd3 a5 20.
Rfb1 Qb4 21. Qxb4 axb4 22. a5 Rc3 23. Bf1 bxa5 24. Nxa5 Bc6 25. Nxc6 R3xc6
26. Rxb4 Kf8 27. Ra2 Rc1 28. Kf2 g5 29. Rbb2 Rd1 30. Rd2 Rxd2+ 31. Rxd2 Ke7
32. Kg3 Rc3 33. Bd3 Nh5+ 34. Kf2 Nf4 35. Bf1 Ng6 36. g3 h5 37. Ra2 Rc7 38.
Ra5 f6 39. Bd3 Rb7 40. Ra6 Rc7 41. e5 Nf8 42. d5 exd5 43. Rxf6 Nd7 44. Rh6
Nxe5 45. Bf5 Nf7 46. Rxh5 Kf6 47. Bd3 Rc3 48. Be2 d4 49. h4 Kg6 50. g4 d3
51. Bd1 Rc2+ 52. Ke3 Rh2 53. Kxd3 Rxh4 54. Rxh4 gxh4 55. f4 h3 56. Ke3 h2
57. Bc2+ Kg7 58. Be4 Nh6 59. g5 Ng4+ 60. Ke2 Kf7 61. Kf1 Ke6 62. Bf3 h1=Q+
63. Bxh1 Kf5 64. Kg2 Kxf4 65. g6 Kg5 66. g7 Nh6 67. Kg3 Nf5+ 68. Kh3
1/2-1/2

[Event "Landsturneringen 2023"]
[Site "Vallhall, Oslo"]
[Date "2023.07.08"]
[Round "9"]
[White "Amundsen, Ask"]
[Black "Sveggen, Amadeus S."]
[Result "1-0"]
[WhiteElo "1918"]
[BlackElo "1517"]
[TimeControl "40/5400+30:1800+30"]
[BlackFideId "1567853"]
[WhiteFideId "1528726"]

1. e4 b6 2. d4 Bb7 3. Nc3 e6 4. Be3 Bb4 5. f3 Ne7 6. Qd2 d5 7. e5 Nf5 8.
Bf2 c5 9. a3 cxd4 10. axb4 dxc3 11. Qxc3 O-O 12. Bd3 Ne7 13. Ne2 Nd7 14.
Bg3 Nc6 15. b5 Ne7 16. Nd4 Nc5 17. Be2 a5 18. bxa6 Bxa6 19. Bxa6 Rxa6 20.
O-O Qa8 21. Rxa6 Qxa6 22. b4 Na4 23. Ra1 Rc8 24. Qb3 b5 25. Nxb5 Qxb5 26.
Qxa4 Qxa4 27. Rxa4 h6 28. Ra2 Nc6 29. b5 Nd8 30. b6 Rb8 31. Bf2 Kf8 32.
Bc5+ Ke8 33. Kf2 g6 34. Ke3 Kd7 35. c4 Nb7 36. Kd4 Kc6 37. cxd5+ exd5 38.
Rc2 Nxc5 39. Rxc5+ Kxb6 40. Rc2 Rd8 41. f4 h5 42. g3 Rd7 43. Rb2+ Kc7 44.
Rb5 Kc6 45. Rc5+ Kb6 46. Rxd5 Kc6 47. Rxd7 Kxd7 48. Kd5 Ke7 49. h3 Kd7 50.
g4 hxg4 51. hxg4 Ke7 52. f5 gxf5 53. gxf5 Kd7 54. f6 Ke8 55. e6 Kf8 1-0

[Event "Landsturneringen 2023"]
[Site "Vallhall, Oslo"]
[Date "2023.07.08"]
[Round "9"]
[White "Langvik, Ulrikke"]
[Black "Hestholm, Gustav"]
[Result "0-1"]
[WhiteElo "1698"]
[BlackElo "1944"]
[TimeControl "40/5400+30:1800+30"]
[BlackFideId "1529153"]
[WhiteFideId "1517910"]

1. d4 Nf6 2. Nf3 d5 3. e3 e6 4. Bd3 Bd6 5. Ne5 Nbd7 6. f4 c5 7. b3 Ne4 8.
Qg4 O-O 9. Bxe4 dxe4 10. Nxd7 Bxd7 11. Bb2 e5 12. f5 exd4 13. exd4 g6 14.
O-O e3 15. Qe2 cxd4 16. fxg6 hxg6 17. Bxd4 Qh4 18. g4 Bxg4 19. Qg2 Bh3 20.
Bf6 Bxg2 21. Bxh4 Bxf1 22. Kxf1 Rac8 23. c3 f5 24. a4 f4 25. Bg5 Rce8 26.
Na3 e2+ 27. Ke1 f3 28. Bh4 Bxa3 29. Rxa3 f2+ 0-1

[Event "Landsturneringen 2023"]
[Site "Vallhall, Oslo"]
[Date "2023.07.08"]
[Round "9"]
[White "Hansen, Thobias Gotaas"]
[Black "Engedal, Jo Frønsdal"]
[Result "0-1"]
[WhiteElo "1689"]
[BlackElo "1717"]
[TimeControl "40/5400+30:1800+30"]
[BlackFideId "1532332"]
[WhiteFideId "1548530"]

1. e4 c5 2. Nf3 d6 3. d4 cxd4 4. Nxd4 Nf6 5. Bc4 g6 6. Nf3 Nc6 7. Ng5 e6 8.
Nc3 Bg7 9. O-O h6 10. Nf3 O-O 11. Bf4 e5 12. Be3 Be6 13. Bxe6 fxe6 14. Qd2
Ng4 15. Rfd1 Nxe3 16. fxe3 Qb6 17. Na4 Qa6 18. b3 b5 19. Qe2 Nb4 20. Nc3
Rac8 21. Qxb5 Rxc3 22. Qxb4 Rxc2 23. Qxd6 Rxg2+ 24. Kxg2 Qe2+ 25. Kg1 Qxe3+
26. Kh1 Qxf3+ 27. Kg1 Qg4+ 28. Kh1 Rf2 0-1

[Event "Landsturneringen 2023"]
[Site "Vallhall, Oslo"]
[Date "2023.07.08"]
[Round "9"]
[White "Jahr, Even"]
[Black "Engvik, Kim Andre"]
[Result "0-1"]
[WhiteElo "1526"]
[BlackElo "1560"]
[TimeControl "40/5400+30:1800+30"]
[BlackFideId "1566938"]
[WhiteFideId "1574540"]

1. e4 c5 2. d4 cxd4 3. c3 dxc3 4. Nxc3 Nc6 5. Nf3 e6 6. Bc4 a6 7. O-O Nge7
8. Bg5 h6 9. Be3 b5 10. Bb3 Na5 11. Re1 Bb7 12. Bc2 Nc4 13. Qe2 Rc8 14.
Rac1 Nxb2 15. Bb3 Nc4 16. Nd4 d5 17. f4 dxe4 18. Red1 Nxe3 19. Qxe3 Qb6 20.
Nxe4 Rxc1 21. Rxc1 Bxe4 22. Qxe4 Nf5 23. Qc6+ Qxc6 24. Nxc6 Bd6 25. Ne5 O-O
26. Nd3 Rd8 27. g3 Ba3 28. Rd1 Ne3 29. Rd2 Bc1 30. Rc2 Nxc2 31. Bxc2 Ba3
32. Ne5 Rd2 33. Bb3 Bc5+ 34. Kh1 a5 35. a4 Rb2 0-1